 Dungeon Crawl Stone Soup version 0.23.1-37-gaa34b87 (webtiles) character file.

Game seed: 11356042289584992119

140 vishdafish the Shield-Bearer (level 5, -8/36 HPs)
             Began as an Octopode Fighter on Mar 21, 2019.
             Mangled by a gnoll
             ... wielding a +0 halberd
              (15 damage)
             ... on level 3 of the Dungeon.
             The game lasted 00:02:12 (2289 turns).

vishdafish the Shield-Bearer (Octopode Fighter)     Turns: 2289, Time: 00:02:13

Health: -8/36      AC:  1    Str: 15    XL:     5   Next: 23%
Magic:  5/5        EV: 12    Int: 11    God:
Gold:   63         SH:  9    Dex: 12    Spells: 4/4 levels left

rFire    + . .     SeeInvis .     - Unarmed
rCold    . . .     Gourm    .   a - +0 shield
rNeg     . . .     Faith    .   (helmet restricted)
rPois    .         Spirit   .   (no amulet)
rElec    .         Reflect  .   m - ring of protection from fire
rCorr    .         Harm     .   (no ring)
MR       .....                  (no ring)
Stlth    ++........             (no ring)
HPRegen  0.12/turn              (no ring)
MPRegen  0.09/turn              (no ring)
                                (no ring)
                                (no ring)

@: no status effects
A: almost no armour, stealthy swim, amphibious, 8 rings, constrict 8, camouflage
1, gelatinous body 1
a: no special abilities


You were on level 3 of the Dungeon.
You were not hungry.

You visited 1 branch of the dungeon, and saw 3 of its levels.

You collected 63 gold pieces.

Inventory:

Armour
 a - a +0 shield (worn)
Jewellery
 m - a ring of protection from fire (left tentacle)
Scrolls
 e - 2 scrolls of teleportation {unknown}
 f - a scroll of enchant armour {unknown}
 h - a scroll of blinking {unknown}
 j - 2 scrolls of identify {unknown}
 k - 2 scrolls of fear {unknown}
 l - a scroll of fog {unknown}
 n - a scroll of magic mapping {unknown}
 o - a scroll of enchant weapon {unknown}
Potions
 b - a potion of might
 d - 2 potions of heal wounds {unknown}
 g - a potion of agility {unknown}
 i - a potion of haste {unknown}
Comestibles
 c - 9 rations


   Skills:
 - Level 3.0 Fighting
 - Level 3.0 Dodging
 + Level 4.5 Shields
 + Level 3.9 Unarmed Combat


You had 4 spell levels left.
You didn't know any spells.
Your spell library contained the following spells:

 Spells                   Type           Power        Failure   Level  Hunger
 Confusing Touch          Hex            #.....       80%         1    ##.....
 Confuse                  Hex            #.......     99%         3    ####...
 Gell's Gravitas          Tloc           #.........   99%         3    ####...
 Petrify                  Tmut/Erth      #.......     100%        4    #####..
 Metabolic Englaciation   Hex/Ice        #.........   100%        5    ######.
 Yara's Violent Unravell  Hex/Tmut       #.........   100%        5    ######.


Dungeon Overview and Level Annotations

Branches:
Dungeon (3/15)

Altars:
Kikubaaqudgha
Zin


Innate Abilities, Weirdness & Mutations

You cannot wear most types of armour.
You are very stealthy in the water. (Stealth+)
You are amphibious.
You can wear up to eight rings at the same time.
You can use your tentacles to constrict eight enemies at once.
Your skin changes colour to match your surroundings (Stealth+).
Your rubbery body absorbs attacks. (AC +1, EV +1)


Message History

The gnoll moves out of view.
The gnoll hits you with a +0 spear.
A gnoll comes into view. It is wielding a +0 halberd.
The gnoll shouts! x2
You tentacle-slap the gnoll. You grab the gnoll.
The gnoll is lightly wounded.
You constrict the gnoll, but do no damage.
You block the gnoll's attack.
You tentacle-slap the gnoll.
The gnoll is moderately wounded.
You constrict the gnoll. You block the gnoll's attack.
A leopard gecko comes into view.
The leopard gecko hisses angrily.
You tentacle-slap the gnoll. You squeeze the gnoll.
You kill the gnoll!
The gnoll hits you from afar with a +0 halberd!
* * * LOW HITPOINT WARNING * * *
The gnoll misses you.
The gnoll hits you from afar with a +0 halberd!
You die...

# #######..............######
.. #.....#.##.##.##.#.#......#
...##.....#)##.##.##.#...†..###
....................#.#.##>..#
##..........##.####.#<...# #
#.)........##.# #.#.#..###
######..g.....# #.#......#
#.lg..#..# #......###
#....@...# ####...# ###.###..#
#...# #.# ..# #...# #.# .#
####...### #.. .#............
.. ............. #............
######...### #...#


You could see 2 gnolls and a leopard gecko.

Vanquished Creatures
  An orc wizard (D:3)
  A worker ant (D:3)
  2 adders (D:2)
  A gnoll (D:3)
  4 dart slugs
  3 leopard geckos
  6 orcs (D:3)
  5 goblins
  4 hobgoblins
  2 jackals (D:3)
  7 bats
  4 frilled lizards
  2 kobolds
  9 rats
51 creatures vanquished.

Notes
Turn   | Place    | Note
-------+----------+-------------------------------------------
     0 | D:1      | vishdafish the Octopode Fighter began the quest for the
                  | Orb.
     0 | D:1      | Reached XP level 1. HP: 16/16 MP: 1/1
   146 | D:1      | Reached XP level 2. HP: 21/21 MP: 2/2
  1174 | D:2      | Found an ancient bone altar of Kikubaaqudgha.
  1177 | D:2      | Found a glowing silver altar of Zin.
  1199 | D:2      | Reached XP level 3. HP: 22/26 MP: 3/3
  1582 | D:3      | Noticed a centaur
  1584 | D:3      | Reached skill level 4 in Shields
  1584 | D:3      | Reached XP level 4. HP: 31/31 MP: 4/4
  2249 | D:3      | Reached XP level 5. HP: 15/36 MP: 5/5
  2289 | D:3      | Mangled by a gnoll

Skill      XL: |  1  2  3 |
---------------+----------+-----
Unarmed Combat | 3 |  3.9
Shields        | 4 |  4.5
Fighting       | |  3.0
Dodging        | |  3.0

Action                   |  1- 3 |  4- 6 || total
-------------------------+-------+-------++-------
Melee: Unarmed           |    76 |    47 ||   123
       Tentacles         |    18 |    12 ||    30
       Constrict         |    18 |     9 ||    27
       Punch             |     1 |       ||     1
 Stab: Sleeping          |    10 |       ||    10
  Eat: Chunk             |     2 |       ||     2
       Ration            |       |     1 ||     1
Armor: Skin              |     6 |     4 ||    10
Dodge: Dodged            |    18 |    15 ||    33
Block: Shield            |    28 |    23 ||    51
